 Dungeon Crawl Stone Soup version 0.31-a0-818-ge7c7cf74f0 (webtiles) character file.

Game seed: 1932728107782615596

5 Essalna the Digger (level 1, 0/13 HPs)
             Began as a Demonspawn Earth Elementalist on Sept 23, 2023.
             Slain by a quokka (2 damage)
             ... on level 1 of the Dungeon.
             The game lasted 00:00:16 (84 turns).

Essalna the Digger (Demonspawn Earth Elementalist)    Turns: 84, Time: 00:00:16

Health: 0/13       AC:  2    Str:  8    XL:     1   Next: 66%
Magic:  0/3        EV: 12    Int: 16    God:
Gold:   16         SH:  0    Dex: 13    Spells: 3/4 levels left

rFire   . . .        (no weapon)
rCold   . . .        (no shield)
rNeg    . . .        a - +0 robe
rPois   .            (no helmet)
rElec   .            (no cloak)
rCorr   .            (no gloves)
SInv    .            (no boots)
Will    .....        (no amulet)
Stlth   ++           (no ring)
HPRegen 0.22/turn    (no ring)
MPRegen 0.08/turn

%: no passive effects
@: no status effects
A: no striking features
a: no special abilities


You were on level 1 of the Dungeon.
You visited 1 branch of the dungeon, and saw 1 of its levels.

You collected 16 gold pieces.

Inventory:

Armour
 a - a +0 robe (worn)
Potions
 b - a potion of magic


   Skills:
 - Level 1.7 Dodging
 - Level 1.7 Stealth
 + Level 2.2 Spellcasting
 - Level 0.8 Transmutations
 + Level 2.9 Earth Magic


You had 3 spell levels left.
You knew the following spells:

 Your Spells              Type           Power      Damage    Failure   Level
a - Sandblast             Erth           22%        2d7       6%          1

Your spell library contained the following spells:

 Spells                   Type           Power      Damage    Failure   Level
 Passwall                 Tmut/Erth      5%         N/A       14%         2
 Stone Arrow              Conj/Erth      12%        3d7       32%         3
 Petrify                  Tmut/Erth      7%         N/A       67%         4
 Brom's Barrelling Bould  Conj/Erth      6%         2d3       73%         4


Dungeon Overview and Level Annotations

Branches:
Dungeon (1/15)

Altars:


Message History

You are too injured to fight recklessly!
You barely miss the quokka.
The quokka is lightly wounded.
The quokka closely misses you.
You hit the quokka but do no damage.
The quokka is lightly wounded.
The quokka closely misses you.
Casting: Sandblast (safe; 6% risk of failure)
Confirm with . or Enter, or press ? or * to list all spells.
Aiming: Sandblast (safe; 6% risk of failure)
Press: ? - help, Shift-Dir - straight line, f/p - quokka
Aim: a quokka (lightly wounded, 75% to hit)
The blast of sand hits the quokka but does no damage.
The quokka is lightly wounded.
The quokka closely misses you. The quokka bites you.
Found a book of Annihilations.
The quokka misses you. The quokka attacks as it pursues you!
The quokka closely misses you. The quokka misses you.
The quokka twitches its whiskers.
You hit the quokka.
The quokka is moderately wounded.
The quokka bites you.
Casting: Sandblast (safe; 6% risk of failure)
Confirm with . or Enter, or press ? or * to list all spells.
Aiming: Sandblast (safe; 6% risk of failure)
Press: ? - help, Shift-Dir - straight line, f/p - quokka
Aim: a quokka (moderately wounded, 75% to hit)
The blast of sand misses the quokka.
The quokka barely misses you. The quokka closely misses you.
You hit the quokka but do no damage.
The quokka is moderately wounded.
The quokka bites you.
* * * LOW HITPOINT WARNING * * *
You hit the quokka but do no damage.
The quokka is lightly wounded.
The quokka misses you.
You hit the quokka but do no damage.
The quokka is lightly wounded.
The quokka bites you.
You die...

#.### .#### ...#
###....#
#..####.....###
#....#........
###.....#...:..
#.#..#......# #..
##........###.....
#@r.......'..)...⌠
##..#.....###.....
#..#........####.(
..#.............###
##...##..#...#......
######..###..##....
#### #########


You could see a quokka.

Vanquished Creatures
  A dart slug (D:1)
  An endoplasm (D:1)
  A kobold (D:1)
3 creatures vanquished.

Notes
Turn   | Place    | Note
-------+----------+-------------------------------------------
     0 | D:1      | Essalna the Demonspawn Earth Elementalist began the quest
                  | for the Orb.
     0 | D:1      | Reached XP level 1. HP: 13/13 MP: 3/3
    84 | D:1      | Slain by a quokka

Illustrated notes

Levels and vault maps discovered:
D:1:      elethiomel_arrival_infinity_welcomes_careful_drivers, layout_basic

Action                     || total
---------------------------++-------
  Melee: Unarmed           ||    13
   Cast: Sandblast         ||     7
 Armour: Robe              ||     7
  Dodge: Dodged            ||    14

Table legend: (Time is in decaauts)
 A = Elapsed time spent in this place.
 B = Non-inter-level travel time spent in this place.
 C = Inter-level travel time spent in this place.
 D = Time resting spent in this place.
 E = Time spent auto-exploring this place.
 F = Levels seen in this place.
 G = Mean time per level.
                   A        B        C        D        E       F      G
               +--------+--------+--------+--------+--------+-----+--------+
         Total |     87 |     87 |      0 |      0 |     53 |   1 |   87.0 |
       Dungeon |     87 |     87 |      0 |      0 |     53 |   1 |   87.0 |
               +--------+--------+--------+--------+--------+-----+--------+

Top non-repeatable levels by time:
     D:1: 87 daAuts
